 Dungeon Crawl Stone Soup version 0.29-a0-1065-g47a6bb87d6 (webtiles) character file.

Game seed: 17633248315461179500

64 ytrimaz the Insei (level 4, 0/29 HPs)
             Began as an Octopode Transmuter on Aug 19, 2022.
             Was an Initiate of Ashenzari.
             Slain by a kobold brigand
             ... wielding a +0 dagger
              (9 damage)
             ... in a sewer.
             The game lasted 00:02:24 (2374 turns).

ytrimaz the Insei (Octopode Transmuter)             Turns: 2374, Time: 00:02:25

Health: 0/29       AC:  1    Str:  9    XL:     4   Next: 12%
Magic:  6/7        EV: 13    Int: 17    God:    Ashenzari [......]
Gold:   130        SH:  0    Dex: 12    Spells: 1/7 levels left

rFire   . . .      SeeInvis .     - Unarmed
rCold   . . .      Faith    .   (no shield)
rNeg    . . .      Spirit   .   (helmet currently unavailable)
rPois   .          Reflect  .   (no amulet)
rElec   .          Harm     .   (no ring)
rCorr   .          Rampage  .   (no ring)
Will    .....                   (no ring)
Stlth   +++.......              (no ring)
HPRegen 0.09/turn               (no ring)
MPRegen 0.10/turn               (no ring)
                                (no ring)
                                (no ring)

@: appendages
A: tentacle spike 3, almost no armour, amphibious, 8 rings, camouflage 1,
gelatinous body 1, nimble swimmer 1, tentacles
a: End Transformation, Renounce Religion, Curse Item


You were in a sewer.
You worshipped Ashenzari.
Ashenzari was noncommittal.
One of your tentacles had grown a beastly spike.
You visited 1 branch of the dungeon, and saw 3 of its levels.
You also visited: Sewer.

You collected 130 gold pieces.

Inventory:

Scrolls
 c - 2 scrolls of enchant weapon
 e - 2 scrolls of poison
 f - a scroll of identify
 g - a scroll of magic mapping {unknown}
Potions
 a - 2 potions of lignification
 b - a potion of heal wounds
 d - 2 potions of ambrosia


   Skills:
 * Level 1.9 Fighting
 + Level 2.4 Dodging
 + Level 4.2 Unarmed Combat
 - Level 2.0 Spellcasting
 - Level 2.0 Transmutations


You had one spell level left.
You knew the following spells:

 Your Spells              Type           Power      Damage    Failure   Level
a - Beastly Appendage     Tmut           16%        N/A       9%          1
b - Wereblood             Tmut           8%         N/A       13%         2
c - Spider Form           Tmut/Pois      5%         N/A       36%         3

Your spell library contained the following spells:

 Spells                   Type           Power      Damage    Failure   Level
 Foxfire                  Conj/Fire      4%         2x1d4     19%         1
 Conjure Flame            Conj/Fire      1%         6-21      50%         3
 Inner Flame              Hex/Fire       1%         N/A       50%         3
 Ice Form                 Ice/Tmut       5%         N/A       77%         4
 Flame Wave               Conj/Fire      1%         2d4       88%         4
 Fireball                 Conj/Fire      0%         3d3       99%         5
 Starburst                Conj/Fire      0%         6d3       100%        6
 Ignition                 Fire           0%         3d3       100%        8


Dungeon Overview and Level Annotations

Branches:
Dungeon (3/15)              Sewer (1/1)

Altars:
Ashenzari

Shops:
D:1 [

Annotations:
D:3 Sigmund


Innate Abilities, Weirdness & Mutations

One of your tentacles has grown a beastly spike.
You cannot wear most types of armour.
You are amphibious.
You can wear up to eight rings at the same time.
Your skin changes colour to match your surroundings (Stealth+).
Your rubbery body absorbs attacks. (AC +1, EV +1)
You are camouflaged when in or above water. (Stealth+)
You have tentacles for arms and can constrict up to eight enemies at once.


Message History

The curare-tipped dart barely misses you.
The kobold brigand splashes around in the water.
The kobold splashes around in the water.
Unknown command.
You tentacle-slap the kobold brigand. Your grab misses the kobold brigand.
The kobold brigand is lightly wounded.
The kobold brigand hits you with a +0 dagger.
The kobold splashes around in the water.
You closely miss the kobold brigand. Your grab misses the kobold brigand.
Your tentacle spike misses the kobold brigand.
The kobold brigand is lightly wounded.
The kobold brigand misses you. The kobold hits you but does no damage.
You tentacle-slap the kobold brigand. Your grab misses the kobold brigand.
You squeeze the kobold brigand.
The kobold brigand is moderately wounded.
The kobold brigand hits you with a +0 dagger.
Unknown command.
You tentacle-slap the kobold brigand but do no damage.
You grab the kobold brigand.
You pierce the kobold brigand.
The kobold brigand is heavily wounded.
You constrict the kobold brigand. The kobold hits you with a +0 club.
The kobold brigand hits you with a +0 dagger.
You tentacle-slap the kobold brigand but do no damage.
You pierce the kobold brigand, but do no damage.
You squeeze the kobold brigand, but do no damage.
The kobold brigand is heavily wounded.
You constrict the kobold brigand. The kobold hits you with a +0 club.
The kobold brigand barely misses you.
Unknown command.
You tentacle-slap the kobold brigand.
You pierce the kobold brigand.
The kobold brigand is severely wounded.
You constrict the kobold brigand, but do no damage.
The kobold closely misses you.
The kobold brigand hits you with a +0 dagger.
Unknown command.
You barely miss the kobold brigand.
The kobold brigand is severely wounded.
You constrict the kobold brigand. The kobold closely misses you.
The kobold brigand hits you with a +0 dagger!
You die...

##### ##### #∩..### ## ##
####...######...#
#..#..##........#####...
#....K#......†....##....
#..K.'.................
#..K..#K~~..~........... #
#?.#. #KK~~~~.~.~..~..~~
#≈≈#######@≈≈≈≈~~~~~~~~~~~~
#≈≈≈≈≈≈≈≈≈≈≈≈≈≈≈≈≈≈≈≈≈≈≈≈~~
#≈≈≈≈≈≈≈≈≈≈≈≈≈≈≈≈≈≈≈≈≈≈≈≈≈~
#≈≈≈≈≈≈≈≈≈≈≈≈≈≈≈≈≈≈≈≈≈≈≈~~~
#≈≈≈≈≈≈≈≈≈≈≈≈≈≈≈≈~~~~~~~~..
#≈≈≈≈≈≈≈≈≈≈≈~~~~~~##~
#≈≈≈≈≈≈≈≈≈≈~~..####
#≈≈#######~~~...# #≈≈
#~.~....


You could see a kobold brigand and 2 kobolds.

Vanquished Creatures
  A river rat (Sewer)
  2 dart slugs (D:1)
  An orc (D:3)
  3 ball pythons
  5 endoplasms
  4 giant cockroaches
  6 hobgoblins
  A quokka (D:2)
  3 bats
  4 goblins
  8 kobolds
  9 rats
47 creatures vanquished.

Notes
Turn   | Place    | Note
-------+----------+-------------------------------------------
     0 | D:1      | ytrimaz the Octopode Transmuter began the quest for the
                  | Orb.
     0 | D:1      | Reached XP level 1. HP: 13/13 MP: 3/3
    48 | D:1      | Found Awetuog's Armour Shop.
    74 | D:1      | Reached XP level 2. HP: 5/18 MP: 3/5
   323 | D:1      | Found a faded altar of an unknown god.
   360 | D:1      | Prayed at the altar of an unknown god.
   360 | D:1      | Became a worshipper of Ashenzari the Shackled
   697 | D:1      | Reached XP level 3. HP: 16/23 MP: 4/6
   700 | D:1      | Learned a level 2 spell: Wereblood
   704 | D:1      | Learned a level 3 spell: Spider Form
  1892 | D:3      | Reached skill level 4 in Unarmed Combat
  2077 | D:3      | Noticed Sigmund
  2167 | D:3      | Found a glowing drain.
  2187 | Sewer    | Entered a sewer
  2274 | Sewer    | Reached XP level 4. HP: 29/29 MP: 5/7
  2312 | Sewer    | Noticed a kobold brigand
  2312 | Sewer    | Noticed a kobold brigand
  2374 | Sewer    | Slain by a kobold brigand

Illustrated notes

Levels and vault maps discovered:
D:1:      onia_arrival_mini_spirals, layout_loops_cross, serial_shops, shop,
          shapermc_ecumenical_altar_totnotflames, minmay_misc_feat_chi,
          st_stairs_8, chequers_avenue
D:2:      layout_loops_ring
D:3:      layout_rooms, portal_sewer_entry_b, uniq_sigmund, uniq_jessica
Sewer:    sewer_minmay_treatment

Skill      XL: |  1  2  3 |
---------------+----------+-----
Unarmed Combat | 4 |  4.2
Fighting       | |  1.9
Dodging        | |  2.4
Spellcasting   | |  2.0
Transmutations | |  2.0

Action                   |  1- 3 |  4- 6 || total
-------------------------+-------+-------++-------
Melee: Unarmed           |    86 |    10 ||    96
       Constrict         |    24 |     2 ||    26
       Kick              |    25 |     3 ||    28
       Tentacles         |    18 |     3 ||    21
       Punch             |     1 |       ||     1
 Cast: Beastly Appendage |    27 |     2 ||    29
  Use: Scroll            |     5 |       ||     5
 Stab: Sleeping          |     7 |       ||     7
Armor: Skin              |     2 |     1 ||     3
Dodge: Dodged            |    68 |     8 ||    76

Table legend: (Time is in decaauts)
 A = Elapsed time spent in this place.
 B = Non-inter-level travel time spent in this place.
 C = Inter-level travel time spent in this place.
 D = Time resting spent in this place.
 E = Time spent auto-exploring this place.
 F = Levels seen in this place.
 G = Mean time per level.
                   A        B        C        D        E       F      G
               +--------+--------+--------+--------+--------+-----+--------+
         Total |   2366 |   2261 |    105 |     71 |   1778 |   4 |  591.5 |
       Dungeon |   2181 |   2076 |    105 |     31 |   1688 |   3 |  727.0 |
         Sewer |    185 |    185 |      0 |     40 |     90 |   1 |  185.0 |
               +--------+--------+--------+--------+--------+-----+--------+

Top non-repeatable levels by time:
     D:1: 1207 daAuts
     D:2: 673 daAuts
     D:3: 299 daAuts
   Sewer: 185 daAuts
